 Dungeon Crawl Stone Soup version 0.31.0-12-g77e489cdc1 (webtiles) character file.

Game seed: 17994694348465084137

604 Couri the Summoner (level 7, -5/36 HPs)
             Began as a Tengu Summoner on Feb 12, 2024.
             Was an Initiate of Sif Muna.
             Slain by an orc warrior
             ... wielding a +0 scimitar
              (14 damage)
             ... on level 6 of the Dungeon on Feb 13, 2024.
             The game lasted 00:20:04 (5506 turns).

Couri the Summoner (Tengu Summoner)                 Turns: 5506, Time: 00:20:06

Health: -5/36      AC:  5    Str:  8    XL:     7   Next: 42%
Magic:  8/13       EV: 16    Int: 18    God:    Sif Muna [......]
Gold:   258        SH:  0    Dex: 14    Spells: 3/13 levels left

rFire   . . .        g - +0 short sword
rCold   . . .        (no shield)
rNeg    . . .        a - +0 robe
rPois   .            (helmet restricted)
rElec   .            o - +2 cloak
rCorr   .            (no gloves)
SInv    .            (boots unavailable)
Will    .....        (no amulet)
Stlth   ++           (no ring)
HPRegen 0.26/turn    (no ring)
MPRegen 0.13/turn

%: acrobat
@: unable to call your familiar, flying, very slightly contaminated
A: beak, talons 3, evasive flight, acrobatic
a: Renounce Religion


You were on level 6 of the Dungeon.
You worshipped Sif Muna.
Sif Muna was noncommittal.
You visited 2 branches of the dungeon, and saw 7 of its levels.

You collected 258 gold pieces.

Inventory:

Hand Weapons
 g - a +0 short sword (weapon)
 i - a +2 dagger of venom
 x - a +2 halberd of venom
Missiles
 f - a throwing net
Armour
 a - a +0 robe (worn)
 k - a +0 leather armour
 o - a +2 cloak (worn)
Magical Staves
 h - a staff of earth
Wands
 b - a wand of flame (20)
Scrolls
 e - 2 scrolls of fog {unknown}
 l - a scroll of fear
 q - a scroll of revelation
 s - a scroll of blinking {unknown}
 u - a scroll of vulnerability {unknown}
 w - 2 scrolls of identify
Potions
 c - a potion of might {unknown}
 d - a potion of cancellation {unknown}
 j - 3 potions of lignification
 m - 2 potions of curing
 n - a potion of haste {unknown}
 p - a potion of degeneration {unknown}
 r - a potion of resistance {unknown}
 t - a potion of enlightenment {unknown}
 v - a potion of heal wounds {unknown}
 z - a potion of mutation {unknown}


   Skills:
 - Level 1.7 Armour
 - Level 2.3 Dodging
 - Level 2.1 Stealth
 + Level 3.9 Spellcasting
 * Level 8.1 Summonings
 * Level 3.5 Fire Magic


You had 3 spell levels left.
You knew the following spells:

 Your Spells              Type           Power      Damage    Failure   Level
a - Summon Small Mammal   Summ           100%       N/A       1%          1
b - Call Canine Familiar  Summ           32%        N/A       1%          3
c - Call Imp              Summ           64%        N/A       1%          2
d - Summon Blazeheart Go  Fire/Summ      24%        N/A       14%         4

Your spell library contained the following spells:

 Spells                   Type           Power      Damage    Failure   Level
 Magic Dart               Conj           12%        1d3       16%         1
 Blink                    Tloc           6%         N/A       22%         2
 Lesser Beckoning         Tloc           6%         N/A       22%         2
 Gell's Gravitas          Tloc           3%         N/A       41%         3
 Teleport Other           Tloc           3%         N/A       41%         3
 Tukima's Dance           Hex            3%         N/A       41%         3
 Summon Lightning Spire   Summ/Air       18%        N/A       28%         4
 Passage of Golubria      Tloc           3%         N/A       83%         4
 Yara's Violent Unravell  Hex/Alch       1%         3d3       99%         5


Dungeon Overview and Level Annotations

Branches:
Dungeon (6/15)             Temple (1/1) D:5

Altars:
Ashenzari
Fedhas
Kikubaaqudgha
Makhleb
Nemelex Xobeh
Qazlal
Ru
Sif Muna
Trog
Vehumet
Wu Jian
Xom
Yredelemnul
Zin
The Shining One

Annotations:
D:4 3 runed translucent doors, HourglassMan's ghost, novice HOMo


Innate Abilities, Weirdness & Mutations

You have a beak for a mouth.
You have claws for feet.
Your magical flight helps you evade attacks. (EV +4)
You can magically evade attacks while moving or waiting.


Message History

Your inugami hits the orc warrior but does no damage.
Your bat hits the orc warrior but does no damage.
Your bat barely misses the orc warrior.
Your quokka bites the orc warrior but does no damage.
Your bat hits the orc warrior but does no damage.
The orc warrior hits your cerulean imp with a +0 scimitar!
Your cerulean imp dies!
Your cerulean imp disappears in a puff of smoke!
A magic dart appears from out of thin air!
The magic dart hits your inugami.
Your inugami closely misses something.
Your bat closely misses the orc warrior.
Your quokka bites the orc warrior but does no damage.
The iguana bites your inugami!
Your bat closely misses the orc warrior.
Your bat barely misses the orc warrior.
Your inugami appears confused.
Your quokka closely misses the orc warrior.
Your inugami hits itself but does no damage.
The iguana barely misses your inugami.
Your bat hits the orc warrior but does no damage.
Something closely misses your inugami.
Your inugami misses something. The iguana bites your inugami!
Your inugami dies!
Your inugami disappears in a puff of smoke!
Your bat closely misses the orc warrior.
Your quokka closely misses the orc warrior.
Your bat hits the orc warrior but does no damage.
Your bat barely misses the orc warrior.
Your bat hits the orc warrior but does no damage.
The orc warrior attacks as it pursues you!
The orc warrior misses you.
Your quokka barely misses the orc warrior.
Found 7 stones.
Casting: Summon Small Mammal (safe; 1% risk of failure)
Confirm with . or Enter, or press ? or * to list all spells.
You miscast Summon Small Mammal.
You are very lightly contaminated with residual magic.
Nothing appears to happen.
The orc warrior hits you with a +0 scimitar!
You die...

#. #.# ..#.# ### ####
.#.# #+# #.. ... ..###.#
#.. #.. #..##.# #.. #..
#..##.# #..
#####..#####...#.#####..
.......@orb...l......'..
.......########..#####<.
######. ##..####.. #(
#........ #. ###{#####
#. #..# .. ##o# .. #.#
#.###


You could see an orc warrior (ally target), an iguana, a friendly quokka
(summoned) and a friendly bat (summoned).

Vanquished Creatures
  An adder (D:4)
  A ribbon worm (D:2)
  A dart slug (D:1)
  2 hobgoblins
  2 quokkas
  A ball python (D:1)
  2 frilled lizards
  2 kobolds (D:2)
  A rat (D:1)
13 creatures vanquished.

Vanquished Creatures (collateral kills)
  4 hounds
  A sleepcap (D:5)
  Terence (D:3)
  6 orc wizards
  Ijyb (D:4)
  7 gnolls
  8 adders
  2 dart slugs
  5 orcs
  7 bats
  2 endoplasms
  A giant cockroach (D:3)
  7 goblins
  5 hobgoblins
  3 jackals (D:4)
  4 quokkas
  2 ball pythons (D:1)
  3 frilled lizards
  14 kobolds
  A rat (D:2)
84 creatures vanquished.

Vanquished Creatures (others)
  An orc wizard (D:5)
1 creature vanquished.

Grand Total: 98 creatures vanquished

Notes
Turn   | Place    | Note
-------+----------+-------------------------------------------
     0 | D:1      | Couri the Tengu Summoner began the quest for the Orb.
     0 | D:1      | Reached XP level 1. HP: 10/10 MP: 4/4
   387 | D:1      | Reached skill level 5 in Summonings
   395 | D:1      | Reached XP level 2. HP: 8/15 MP: 0/6
   623 | D:1      | Found a faded altar of an unknown god.
   852 | D:1      | Reached XP level 3. HP: 11/19 MP: 5/7
  1122 | D:2      | Learned a level 3 spell: Call Canine Familiar
  1125 | D:2      | Learned a level 2 spell: Call Imp
  2022 | D:2      | Reached XP level 4. HP: 20/24 MP: 7/9
  2061 | D:2      | Reached skill level 6 in Summonings
  2212 | D:3      | Noticed Terence
  2227 | D:3      | Killed Terence
  2439 | D:3      | Reached skill level 1 in Armour
  2708 | D:3      | Reached XP level 5. HP: 28/28 MP: 10/10
  3434 | D:4      | Learned a level 4 spell: Summon Blazeheart Golem
  3470 | D:4      | Noticed Ijyb
  3483 | D:4      | Noticed HourglassMan's ghost (novice HOMo)
  3515 | D:4      | Killed Ijyb
  3516 | D:4      | Reached skill level 7 in Summonings
  3516 | D:4      | Reached skill level 1 in Fire Magic
  3516 | D:4      | Reached XP level 6. HP: 7/32 MP: 11/11
  3749 | D:4      | Found a runed translucent gate.
  3749 | D:4      | Found a runed translucent gate.
  3749 | D:4      | Found a runed translucent gate.
  3765 | D:4      | Identified the +4 dagger of the Tundras {vamp, *Rage rC+
                  | Will+++ rCorr}
  4157 | D:5      | Entered Level 5 of the Dungeon
  4284 | D:5      | Found a staircase to the Ecumenical Temple.
  4397 | Temple   | Entered the Ecumenical Temple
  4442 | Temple   | Became a worshipper of Sif Muna the Loreminder
  4684 | D:5      | Gained mutation: Your magical flight helps you evade
                  | attacks. (EV +4) [Tengu growth]
  4684 | D:5      | Reached XP level 7. HP: 36/36 MP: 10/13
  5067 | D:5      | Reached skill level 8 in Summonings
  5506 | D:6      | Slain by an orc warrior

Illustrated notes

Levels and vault maps discovered:
D:1:      minmay_arrival_widening_spiral_narrow, layout_loops_ring,
          ebering_ecumenical_altar_petrified
D:2:      layout_loops_ring
D:3:      layout_loops_ring, kennysheep_generic_room_12, uniq_terence
D:4:      layout_rooms, gammafunk_ghost_icy, uniq_ijyb
D:5:      layout_basic, minmay_temple_entry_large_hall
D:6:      layout_basic, dreamdust_gnoll_farm
Temple:   hellmonk_temple_of_storms

Skill      XL: |  1  2  3  4  5  6  7 |
---------------+----------------------+-----
Summonings     | 5 6 7 8 |  8.1
Armour         | 1 |  1.7
Spellcasting   | 3 |  3.9
Fire Magic     | 1 2 3 |  3.5
Dodging        | |  2.3
Stealth        | |  2.1

Action                     |  1- 3 |  4- 6 |  7- 9 || total
---------------------------+-------+-------+-------++-------
  Melee: Unarmed           |     2 |       |       ||     2
         Short sword       |    32 |    23 |     4 ||    59
         Kick              |    11 |     7 |     1 ||    19
         Peck              |     8 |     4 |     2 ||    14
   Cast: Summon Small Mamm |    43 |    55 |    19 ||   117
         Call Canine Famil |     4 |    11 |     6 ||    21
         Call Imp          |     4 |    13 |     7 ||    24
         Summon Blazeheart |       |       |     1 ||     1
    Use: Scroll            |       |     5 |       ||     5
         Potion            |       |     2 |     2 ||     4
   Stab: Sleeping          |     3 |       |       ||     3
 Armour: Robe              |    14 |    45 |    13 ||    72
         Skin              |     3 |       |       ||     3
  Dodge: Dodged            |    63 |    91 |    20 ||   174
